 Dungeon Crawl Stone Soup version 0.27.0-1-g7a089689b8 (webtiles) character file.

Game seed: 18069190213677567676

45 JBAR the Skirmisher (level 3, -1/24 HPs)
             Began as a Gargoyle Berserker on Aug 9, 2021.
             Was a Believer of Trog.
             Slain by Robin (3 damage)
             ... on level 2 of the Dungeon.
             The game lasted 00:01:30 (838 turns).

JBAR the Skirmisher (Gargoyle Berserker)             Turns: 838, Time: 00:01:31

Health: -1/24      AC:  9    Str: 21    XL:     3   Next: 64%
Magic:  3/3        EV: 10    Int:  7    God:    Trog [**....]
Gold:   27         SH:  0    Dex:  9    Spells: 2/2 levels left

rFire    . . .     SeeInvis .   a - +0 mace
rCold    . . .     Faith    .   (no shield)
rNeg     + . .     Spirit   .   c - +0 scale mail
rPois    ∞         Reflect  .   (no helmet)
rElec    +         Harm     .   (no cloak)
rCorr    .         Rampage  .   (no gloves)
Will     .....                  (no boots)
Stlth    ..........             (no amulet)
HPRegen  0.08/turn              (no ring)
MPRegen  0.08/turn              (no ring)

@: on berserk cooldown, slowed, very slow
A: sickness immunity, AC +3, negative energy resistance 1, electricity
resistance, torment resistance 1, petrification resistance
a: Renounce Religion, Berserk, Trog's Hand


You were on level 2 of the Dungeon.
You worshipped Trog.
Trog was pleased with you.
You visited 1 branch of the dungeon, and saw 2 of its levels.

You collected 27 gold pieces.

Inventory:

Hand Weapons
 a - a +0 mace (weapon)
Armour
 c - a +0 scale mail (worn)
Scrolls
 b - a scroll of noise {unknown}
 d - a scroll of teleportation {unknown}
 e - a scroll of identify {unknown}
Potions
 f - a potion of cancellation {unknown}


   Skills:
 * Level 3.8 Fighting
 * Level 3.7 Maces & Flails
 * Level 2.7 Armour
 + Level 1.6 Dodging
 + Level 0.1 Stealth


You had 2 spell levels left.
You didn't know any spells.
Your spell library was empty.

Dungeon Overview and Level Annotations

Branches:
Dungeon (2/15)

Altars:

Annotations:
D:2 Robin


Innate Abilities, Weirdness & Mutations

You are immune to sickness and miasma.
Your stone body is resilient. (AC +3)
You are immune to poison.
You resist negative energy. (rN+)
You are resistant to electric shocks. (rElec)
You are resistant to unholy torment.
You are immune to petrification.


Message History

You barely miss the kobold. The kobold hits you but does no damage.
You hit the kobold.
You kill the kobold!
Trog accepts your kill.
You are no longer berserk.
You are exhausted.
You feel yourself slow down. The goblin hits you with a +0 dagger.
You barely miss the goblin.
The goblin no longer looks unusually strong.
The goblin hits you but does no damage. x2
The goblin hits you with a +0 dagger. The goblin hits you but does no damage.
Robin roars a battlecry!
The goblin goes into a battle-frenzy!
You barely miss the goblin.
The goblin no longer looks unusually strong.
The goblin hits you but does no damage. The goblin barely misses you. x3
You sock the goblin!
You kill the goblin!
Trog accepts your kill. Robin throws the goblin at you!
The goblin hits you but does no damage. The goblin closely misses you. x2
You closely miss the goblin. The goblin hits you but does no damage.
Robin roars a battlecry!
The goblin goes into a battle-frenzy!
The goblin hits you but does no damage. x2; The goblin barely misses you.
You hit the goblin.
The goblin is severely wounded.
The goblin barely misses you. x2; The goblin hits you with a +0 club.
* * * LOW HITPOINT WARNING * * *
You hit the goblin.
You kill the goblin!
Trog accepts your kill. The goblin hits you with a +0 club.
* * * LOW HITPOINT WARNING * * *
The goblin hits you but does no damage.
You thump the goblin!
You kill the goblin!
Trog accepts your kill. Robin hits you with a +0 mace.
You die...

.#.#.#### #
.####.#.#.# .#
.....#.#.# ..
....#.#.# #.
#.##.#.#
#$.##....#.#
#..........#
...#.#####.##.###
......)g@)..†.#
.....#.###.#..#
... #. #..#..# .
#....##.... #####
#..... #.....#
#######


You could see Robin.

Vanquished Creatures
  3 bats (D:1)
  3 endoplasms (D:1)
  A giant cockroach (D:1)
  13 goblins
  4 hobgoblins
  7 jackals (D:2)
  2 kobolds
  A ball python (D:1)
  A frilled lizard (D:1)
  2 rats (D:1)
37 creatures vanquished.

Notes
Turn   | Place    | Note
-------+----------+-------------------------------------------
     0 | D:1      | JBAR the Gargoyle Berserker began the quest for the Orb.
     0 | D:1      | Reached XP level 1. HP: 14/14 MP: 1/1
    67 | D:1      | Found a faded altar of an unknown god.
   122 | D:1      | Reached XP level 2. HP: 19/19 MP: 2/2
   724 | D:2      | Reached XP level 3. HP: 24/24 MP: 3/3
   732 | D:2      | Reached ** piety under Trog
   810 | D:2      | Noticed Robin
   838 | D:2      | Slain by Robin

Illustrated notes

Levels and vault maps discovered:
D:1:      dpeg_arrival_boxes_within_box, layout_basic,
          shapermc_ecumenical_altar_venn, minmay_misc_feat_secret_circle,
          st_stairs_3
D:2:      layout_basic, uniq_robin

Action                   || total
-------------------------++-------
Melee: Mace              ||    82
Invok: Berserk           ||     3
Armor: Scale mail        ||    52
Dodge: Dodged            ||    65
